 Dungeon Crawl Stone Soup version 0.20.0-15-g7f486f2 (webtiles) character file.

130 Inarius the Gusty (level 4, -1/34 HPs)
             Began as a Draconian Air Elementalist on June 11, 2017.
             Killed by divine providence
             ... invoked by an orc priest
              (13 damage)
             ... on level 3 of the Dungeon.
             The game lasted 00:06:34 (2809 turns).

Inarius the Gusty (Draconian Air Elementalist)      Turns: 2809, Time: 00:06:35

Health: -1/34      AC:  5    Str: 11    XL:     4   Next: 89%
Magic:  8/8        EV: 12    Int: 16    God:
Gold:   122        SH:  0    Dex: 11    Spells: 2/8 levels left

rFire    . . .     SeeInvis .   l - +0 long sword
rCold    . . .     Gourm    .   (no shield)
rNeg     . . .     Faith    .   (armour unavailable)
rPois    +         Spirit   .   (helmet restricted)
rElec    .         Reflect  .   (no cloak)
rCorr    .         Harm     .   (no gloves)
MR       .....                  (no boots)
Stlth    ++........             (no amulet)
Regen    0.2/turn               h - ring of poison resistance
MPRegen  0.2/turn               (no ring)

@: no status effects
A: unfitting armour, cold-blooded, AC +5
a: no special abilities


You were on level 3 of the Dungeon.
You were not hungry.

You visited 1 branch of the dungeon, and saw 3 of its levels.

You collected 122 gold pieces.

Inventory:

Hand Weapons
 l - a +0 long sword (weapon)
Jewellery
 h - a ring of poison resistance (left hand)
Scrolls
 e - a scroll of random uselessness {unknown}
 g - 3 scrolls of fear
 n - 2 scrolls of teleportation
 o - a scroll of magic mapping {unknown}
Potions
 d - 5 potions of curing
 f - 2 potions of degeneration {unknown}
 i - a potion of magic {unknown}
 k - 2 potions of lignification {unknown}
 m - a potion of might
 p - a potion of mutation
Books
 a - a book of Air

   Spells                             Type                      Level
   a - Shock                          Conjuration/Air              1
   b - Swiftness                      Charms/Air                   2
   c - Static Discharge               Conjuration/Air              3
   d - Airstrike                      Air                          4
   e - Lightning Bolt                 Conjuration/Air              5
Comestibles
 b - a bread ration
 c - a chunk of flesh
 q - 3 fruits


   Skills:
 * Level 0.7 Fighting
   Level 0.2 Short Blades
 * Level 2.2 Dodging
 - Level 1.7 Stealth
 + Level 2.9 Spellcasting
 * Level 2.1 Conjurations
 + Level 4.2 Air Magic


You had 2 spell levels left.
You knew the following spells:

 Your Spells              Type           Power        Failure   Level  Hunger
a - Shock                 Conj/Air       ##..         5%          1    #......
b - Swiftness             Chrm/Air       #.......     12%         2    ##.....
c - Static Discharge      Conj/Air       ##......     16%         3    ###....


Dungeon Overview and Level Annotations

Branches:
Dungeon (3/15)

Altars:


Innate Abilities, Weirdness & Mutations

Your plain brown scales are hard. (AC +5)
You cannot fit into any form of body armour.
You are cold-blooded and may be slowed by cold attacks.


Message History

Found a chain mail.
j - a scroll of identify
As you read the scroll of identify, it crumbles to dust.
n - 2 scrolls of teleportation An orc comes into view.
An orc priest comes into view. It is wielding a war axe.
The orc priest shouts!
The orc shouts!
The orc priest moves out of view.
The orc moves out of view.
An orc comes into view. It is wielding a whip.
The orc shouts!
The orc moves out of view.
An orc comes into view. It is wielding a club.
The orc moves out of view.
The orc priest calls down the wrath of Beogh upon you.
Pain shoots through your body!
The orc priest calls down the wrath of Beogh upon you.
Beogh smites you!
The orc priest calls down the wrath of Beogh upon you.
Beogh smites you!
You die...

#....[....).##...##
#...........#..#..##
#.......รท.....###.#.
#........>...###....
#.......<....##..###
###.##.......##.##
####.##........<.#
#.......########## #
#.#.@#### #... #..#
.##.####..#
..........#
###...###o#
#.........# ##
.........o####>.
..)......o......
..>...........##


You could see an orc priest and 2 orcs.

Vanquished Creatures
  3 gnolls (D:3)
  5 adders (D:2)
  3 worms
  3 dart slugs
  2 leopard geckos (D:3)
  6 bats
  2 giant cockroaches
  4 goblins
  4 hobgoblins
  4 kobolds
  A quokka (D:3)
  A ball python (D:1)
  3 frilled lizards
  4 rats
45 creatures vanquished.

Notes
Turn   | Place    | Note
-------+----------+-------------------------------------------
     0 | D:1      | Inarius the Draconian Air Elementalist began the quest for the Orb.
     0 | D:1      | Reached XP level 1. HP: 14/14 MP: 3/3
   239 | D:1      | Reached XP level 2. HP: 18/20 MP: 0/5
   243 | D:1      | Learned a level 2 spell: Swiftness
  1047 | D:2      | Reached XP level 3. HP: 27/27 MP: 0/6
  1480 | D:2      | Learned a level 3 spell: Static Discharge
  1902 | D:2      | Reached XP level 4. HP: 34/34 MP: 0/8
  2436 | D:3      | Reached skill level 4 in Air Magic
  2809 | D:3      | Killed from afar by an orc priest

Skill      XL: |  1  2  3  4 |
---------------+-------------+-----
Dodging        | 2 |  2.2
Air Magic      | 4 |  4.2
Conjurations   | 2 |  2.1
Fighting       | |  0.7
Short Blades   | |  0.2
Stealth        | |  1.7
Spellcasting   | |  2.9

Action                   |  1- 3 |  4- 6 || total
-------------------------+-------+-------++-------
Melee: Dagger            |     4 |       ||     4
       Unarmed           |     3 |       ||     3
       Tailslap          |     3 |     1 ||     4
       Short sword       |    13 |       ||    13
       Long sword        |    25 |    17 ||    42
 Cast: Shock             |    60 |    38 ||    98
       Static Discharge  |       |     1 ||     1
  Use: Scroll            |       |     5 ||     5
  Eat: Chunk             |     4 |     3 ||     7
Armor: Skin              |    20 |     6 ||    26
Dodge: Dodged            |    40 |    13 ||    53
       Rpst.: Long sword |     3 |     5 ||     8
